 Dungeon Crawl Stone Soup version 0.22.1-1-ga44c0e5 (webtiles) character file.

1107 rabbit the Magician (level 8, 0/56 (58) HPs)
             Began as a Gnoll Wizard on Oct 13, 2018.
             Was a Believer of Kikubaaqudgha.
             Slain by a sky beast (5 damage)
             ... on level 4 of the Dungeon.
             The game lasted 00:36:42 (7270 turns).

rabbit the Magician (Gnoll Wizard)                  Turns: 7270, Time: 00:36:42

HP:   0/56 (58)     AC:  2    Str: 10    XL:     8   Next: 33%
MP:   10/28         EV: 15    Int: 22    God:    Kikubaaqudgha [**....]
Gold: 252           SH:  0    Dex: 14    Spells: 5/22 levels left

rFire    . . .     SeeInvis .   a - +2 dagger (speed)
rCold    . . .     Gourm    .   (no shield)
rNeg     . . .     Faith    .   k - +0 robe
rPois    .         Spirit   .   j - +0 hat
rElec    .         Reflect  .   (no cloak)
rCorr    .         Harm     .   (no gloves)
MR       +....                  (no boots)
Stlth    +++.......             (no amulet)
HPRegen  0.18/turn              s - ring of magical power
MPRegen  0.21/turn              t - ring of protection from magic

@: no status effects
A: distributed training, fangs 1, strong nose
a: Receive Corpses, Renounce Religion


You were on level 4 of the Dungeon.
You worshipped Kikubaaqudgha.
Kikubaaqudgha was pleased with you.
You were not hungry.

You visited 1 branch of the dungeon, and saw 8 of its levels.

You collected 252 gold pieces.

Inventory:

Hand Weapons
 a - a +2 dagger of speed (weapon)
 b - a +0 hunting sling
 u - a +0 club
 v - a +0 dagger of holy wrath
Missiles
 i - 10 sling bullets
 l - 281 stones (quivered)
 w - 39 arrows
Armour
 j - a +0 hat (worn)
 k - a +0 robe (worn)
Jewellery
 s - a ring of magical power (left hand)
 t - a ring of protection from magic (right hand)
 z - an uncursed ring of protection from magic
Wands
 x - a wand of flame (37)
Scrolls
 c - 2 scrolls of identify
 f - 5 scrolls of teleportation {unknown}
 h - a scroll of fear {unknown}
 q - a scroll of enchant weapon {unknown}
 r - 3 scrolls of remove curse {unknown}
 y - a scroll of amnesia {unknown}
Potions
 e - a potion of haste {unknown}
 g - a potion of degeneration {unknown}
 m - 2 potions of heal wounds {unknown}
 n - a potion of agility {unknown}
 o - 2 potions of cancellation {unknown}
 p - a potion of might {unknown}
Comestibles
 d - 13 rations
 A - 5 chunks of flesh


   Skills:
 + Level 3.1 Fighting
 + Level 3.1 Short Blades
 + Level 3.1 Long Blades
 + Level 3.1 Axes
 + Level 3.1 Maces & Flails
 + Level 3.1 Polearms
 + Level 3.1 Staves
 + Level 3.1 Slings
 + Level 3.1 Bows
 + Level 3.1 Crossbows
 + Level 3.1 Throwing
 + Level 3.1 Armour
 + Level 5.6 Dodging
 + Level 5.2 Stealth
 + Level 3.1 Shields
 + Level 3.1 Unarmed Combat
 + Level 7.8 Spellcasting
 + Level 3.3 Conjurations
 + Level 2.5 Hexes
 + Level 2.5 Charms
 + Level 3.3 Summonings
 + Level 2.5 Necromancy
 + Level 3.3 Translocations
 + Level 2.5 Transmutations
 + Level 2.5 Fire Magic
 + Level 2.5 Ice Magic
 + Level 2.5 Air Magic
 + Level 2.5 Earth Magic
 + Level 2.5 Poison Magic
 + Level 3.4 Invocations
 + Level 3.1 Evocations


You had 5 spell levels left.
You knew the following spells:

 Your Spells              Type           Power        Failure   Level  Hunger
a - Magic Dart            Conj           ###.         1%          1    None
b - Blink                 Tloc           N/A          2%          2    None
c - Call Imp              Summ           ###.....     2%          2    None
d - Conjure Flame         Conj/Fire      ###.....     7%          3    None
e - Mephitic Cloud        Conj/Pois/Air  ###.....     7%          3    None
f - Confuse               Hex            ###.....     8%          3    None
g - Tukima's Dance        Hex            ###.....     8%          3    None

Your spell library contained the following spells:

 Spells                   Type           Power        Failure   Level  Hunger
 Corona                   Hex            ###....      2%          1    None
 Pain                     Necr           ###.         2%          1    None
 Sandblast                Erth           ###...       2%          1    None
 Corpse Rot               Necr           N/A          4%          2    None
 Ensorcelled Hibernation  Hex/Ice        ###...       4%          2    None
 Passwall                 Tmut/Erth      ###.....     4%          2    None
 Slow                     Hex            ###.....     4%          2    None
 Sublimation of Blood     Necr           ###.......   4%          2    None
 Dazzling Spray           Conj/Hex       ###...       7%          3    None
 Stone Arrow              Conj/Erth      ###...       7%          3    None
 Vampiric Draining        Necr           ###.......   8%          3    None
 Petrify                  Tmut/Erth      ###.....     26%         4    ###....
 Lee's Rapid Deconstruct  Erth           ###.......   58%         5    #####..


Dungeon Overview and Level Annotations

Branches:
Dungeon (8/15)
 Temple: D:4-7         Lair: D:8-11

Altars:
Elyvilon
Kikubaaqudgha
Makhleb
Qazlal
Trog
Uskayaw
Vehumet
Yredelemnul
The Shining One

Shops:
D:4 :(

Annotations:
D:6 1 runed door
D:8 2 transporters


Innate Abilities, Weirdness & Mutations

Your experience applies equally to all skills.
You have very sharp teeth.
Your uncanny sense of smell can sniff out nearby items.


Message History

Confirm with . or Enter, or press ? or * to list all spells.
You blink.
The sky beast barely misses you.
Casting: Blink (safe; 2% risk of failure)
Confirm with . or Enter, or press ? or * to list all spells.
You blink.
Casting: Blink (safe; 2% risk of failure)
Confirm with . or Enter, or press ? or * to list all spells.
You blink.
The sky beast flickers out of sight!
Deactivating autopickup; reactivate with Ctrl-A.
Casting: Blink (safe; 2% risk of failure)
Confirm with . or Enter, or press ? or * to list all spells.
You blink.
Something hits you.
* * * LOW HITPOINT WARNING * * *
Something shocks you.
* * * LOW HITPOINT WARNING * * *
Something hits you.
* * * LOW HITPOINT WARNING * * *
Something shocks you.
You die...
Kikubaaqudgha rasps: "You have failed me!
Welcome... death!"

## ###### .# ###### ### ###
#....# .#
#....####8###8##########....#
.####....##8...8...8##..........#
.........##.....@...##...........
.........#_...§.....>#...........
.........##.........##...........
......##.##8...8...8##...........
.......'.####8###8####......####.
......##.########## ##......#####
#.........##....#####.....∩...###
#.....)...##..............)......
#....≈.≈..##....#####............


There were no monsters in sight!

Vanquished Creatures
  A necrophage (D:4)
  3 ogres
  A centaur (D:5)
  5 wights (D:4)
  A crimson imp (D:5)
  An orc priest (D:5)
  3 orc wizards
  4 worker ants
  A hound skeleton (D:2)
  10 adders
  An ooze (D:1)
  2 worms (D:2)
  3 dart slugs
  3 leopard geckos
  19 orcs
  2 ball pythons
  2 giant cockroaches
  17 goblins
  5 hobgoblins
  7 jackals
  5 kobolds
  3 quokkas
  13 bats
  6 frilled lizards
  A leopard gecko skeleton (D:4)
  11 rats
130 creatures vanquished.

Vanquished Creatures (collateral kills)
  3 orcs
  A jackal (D:2)
4 creatures vanquished.

Grand Total: 134 creatures vanquished

Notes
Turn   | Place    | Note
-------+----------+-------------------------------------------
     0 | D:1      | rabbit the Gnoll Wizard began the quest for the Orb.
     0 | D:1      | Reached XP level 1. HP: 13/13 MP: 8/8
   210 | D:1      | Reached XP level 2. HP: 19/19 MP: 5/10
   214 | D:1      | Learned a level 2 spell: Blink
   217 | D:1      | Learned a level 2 spell: Call Imp
   506 | D:1      | Reached XP level 3. HP: 25/25 MP: 6/11
   791 | D:1      | You fall through a shaft!
   856 | D:2      | Reached skill level 1 in Invocations
   973 | D:2      | Reached skill level 1 in Fighting
   973 | D:2      | Reached skill level 1 in Short Blades
   973 | D:2      | Reached skill level 1 in Long Blades
   973 | D:2      | Reached skill level 1 in Axes
   973 | D:2      | Reached skill level 1 in Maces & Flails
   973 | D:2      | Reached skill level 1 in Polearms
   973 | D:2      | Reached skill level 1 in Staves
   973 | D:2      | Reached skill level 1 in Slings
   973 | D:2      | Reached skill level 1 in Bows
   973 | D:2      | Reached skill level 1 in Crossbows
   973 | D:2      | Reached skill level 1 in Throwing
   973 | D:2      | Reached skill level 1 in Armour
   973 | D:2      | Reached skill level 1 in Shields
   973 | D:2      | Reached skill level 1 in Unarmed Combat
   973 | D:2      | Reached skill level 1 in Evocations
  1253 | D:2      | Reached XP level 4. HP: 32/32 MP: 10/13
  1793 | D:2      | Found an ancient bone altar of Kikubaaqudgha.
  1797 | D:2      | Became a worshipper of Kikubaaqudgha
  2282 | D:2      | Reached skill level 1 in Hexes
  2282 | D:2      | Reached skill level 1 in Charms
  2282 | D:2      | Reached skill level 1 in Necromancy
  2282 | D:2      | Reached skill level 1 in Transmutations
  2282 | D:2      | Reached skill level 1 in Fire Magic
  2282 | D:2      | Reached skill level 1 in Ice Magic
  2282 | D:2      | Reached skill level 1 in Air Magic
  2282 | D:2      | Reached skill level 1 in Earth Magic
  2282 | D:2      | Reached skill level 1 in Poison Magic
  2288 | D:2      | Learned a level 3 spell: Conjure Flame
  2292 | D:2      | Learned a level 3 spell: Mephitic Cloud
  2648 | D:3      | Reached XP level 5. HP: 37/37 MP: 11/14
  3313 | D:3      | Reached * piety under Kikubaaqudgha
  3313 | D:3      | Identified Kikubaaqudgha's Grimoire of Stolen Souls
                  | (Kikubaaqudgha gifted it to you on level 3 of the Dungeon)
  3313 | D:3      | Received a gift from Kikubaaqudgha
  3613 | D:3      | Found a glowing golden altar of the Shining One.
  3728 | D:3      | Found a radiant altar of Vehumet.
  4194 | D:3      | Found a basalt altar of Yredelemnul.
  4200 | D:3      | Noticed a profane servitor
  4214 | D:3      | Noticed an angel
  4309 | D:4      | Found a hide-covered altar of Uskayaw.
  4325 | D:4      | Found Ibbufum's Weapon Boutique.
  4359 | D:4      | Reached XP level 6. HP: 44/44 MP: 16/16
  5038 | D:4      | Reached skill level 5 in Dodging
  5270 | D:4      | Reached ** piety under Kikubaaqudgha
  5272 | D:4      | Reached XP level 7. HP: 50/50 MP: 16/18
  5346 | D:4      | Found Zoqoante's Book Emporium.
  5406 | D:4      | Learned a level 3 spell: Confuse
  5410 | D:4      | Learned a level 3 spell: Tukima's Dance
  5467 | D:4      | Found a white marble altar of Elyvilon.
  5674 | D:4      | Found a burning altar of Makhleb.
  5710 | D:4      | Reached skill level 5 in Stealth
  5921 | D:5      | Entered Level 5 of the Dungeon
  6313 | D:5      | Reached XP level 8. HP: 46/55 MP: 19/19
  6412 | D:5      | You fall through a shaft for 3 floors!
  6414 | D:8      | Found a transporter.
  6417 | D:8      | Found a bloodstained altar of Trog.
  6419 | D:8      | Noticed a manticore
  6437 | D:8      | Found a transporter.
  6477 | D:6      | Found a runed door.
  6915 | D:5      | Found a stormy altar of Qazlal.
  7270 | D:4      | Slain by a sky beast

Skill      XL: |  1  2  3  4  5  6  7  8 |
---------------+-------------------------+-----
Conjurations   | 2 3 |  3.3
Summonings     | 2 3 |  3.3
Translocations | 2 3 |  3.3
Invocations    | 1 2 3 |  3.4
Fighting       | 1 2 3 |  3.1
Short Blades   | 1 2 3 |  3.1
Long Blades    | 1 2 3 |  3.1
Axes           | 1 2 3 |  3.1
Maces & Flails | 1 2 3 |  3.1
Polearms       | 1 2 3 |  3.1
Staves         | 1 2 3 |  3.1
Slings         | 1 2 3 |  3.1
Bows           | 1 2 3 |  3.1
Crossbows      | 1 2 3 |  3.1
Throwing       | 1 2 3 |  3.1
Armour         | 1 2 3 |  3.1
Shields        | 1 2 3 |  3.1
Unarmed Combat | 1 2 3 |  3.1
Evocations     | 1 2 3 |  3.1
Hexes          | 1 2 |  2.5
Charms         | 1 2 |  2.5
Necromancy     | 1 2 |  2.5
Transmutations | 1 2 |  2.5
Fire Magic     | 1 2 |  2.5
Ice Magic      | 1 2 |  2.5
Air Magic      | 1 2 |  2.5
Earth Magic    | 1 2 |  2.5
Poison Magic   | 1 2 |  2.5
Dodging        | 5 |  5.6
Stealth        | 5 |  5.2
Spellcasting   | |  7.8

Action                   |  1- 3 |  4- 6 |  7- 9 || total
-------------------------+-------+-------+-------++-------
Melee: Dagger            |       |    26 |    97 ||   123
       Bite              |       |     2 |    11 ||    13
       Punch             |       |       |     1 ||     1
 Fire: Hunting sling     |     9 |    16 |    66 ||    91
Throw: Stone             |       |     5 |     1 ||     6
 Cast: Magic Dart        |    66 |   203 |    38 ||   307
       Mephitic Cloud    |       |     6 |     6 ||    12
       Call Imp          |       |     1 |     1 ||     2
       Conjure Flame     |       |     4 |    13 ||    17
       Confuse           |       |       |    16 ||    16
       Tukima's Dance    |       |       |     1 ||     1
       Blink             |       |       |    11 ||    11
  Use: Scroll            |       |     1 |     2 ||     3
 Stab: Sleeping          |       |     3 |     2 ||     5
       Confused          |       |     1 |     4 ||     5
  Eat: Chunk             |     1 |    11 |     7 ||    19
Armor: Robe              |       |    13 |     6 ||    19
Dodge: Dodged            |     7 |    76 |    39 ||   122
